Blues vs BlackHawks

Created - 10 octobre 2017 at 19:24

Goals
1 2 3 T
Blues 2 2 0 4
BlackHawks 0 1 1 2
Shots
1 2 3 T
Blues 7 16 7 30
BlackHawks 13 7 10 30

1st period

1. Blues , Kris Versteeg 3 (Carl Gunnarsson 1, John-Michael Liles 2) at 4:42
2. Blues , Brian Flynn 1 (Carl Gunnarsson 2, Michael Raffl 2) at 19:08

Penalties :
Johnny Boychuk (STL) for Holding (Minor) at 0:18, Kevan Miller (CHI) for Holding (Minor) at 16:41

2nd period

3. Blues , Niklas Kronwall 1 (Kris Versteeg 3, Marian Hossa 3) at 7:28
4. Blues , Jiri Hudler 2 (Brian Flynn 2, Niklas Kronwall 2) at 14:31
5. BlackHawks , David Backes 1 (Aaron Ekblad 2, Artemi Panarin 2) at 16:48 (PP)

Penalties :
Andrew Shaw (CHI) for Roughing (Minor) at 1:02, Dion Phaneuf (CHI) for Hooking (Minor) at 5:52, Rick Nash (STL) for Tripping (Minor) at 5:52, Gabriel Landeskog (CHI) for Hooking (Minor) at 12:17, Niklas Kronwall (STL) for Hooking (Minor) at 16:38, Andrew Shaw (CHI) for Hooking (Minor) at 19:15

3rd period

6. BlackHawks , Artemi Panarin 1 (David Backes 1, Alex Galchenyuk 2) at 9:02

Penalties :
Dion Phaneuf (CHI) for Cross-checking (Minor) at 11:52, Nick Cousins (STL) for Hooking (Minor) at 17:40

Goalie Stats

Antti Niemi (STL), 28 saves from 30 shots - (0.933), W, 3-1-0, 60:00 minutes
Sergei Bobrovsky (CHI), 26 saves from 30 shots - (0.867), L, 2-1-0, 60:00 minutes

Players Stats for Blues

Player Name              G  A  P  +/- PIM S  H  SB GA TA FO     MP     PP MP  PK MP  
------------------------------------------------------------------------------------
Brian Flynn              1  1  2   2  0   1  1  0  0  0  4/17   11:15   0:05   0:03 
Brian Gionta             0  0  0  -1  0   3  0  0  0  0  2/2    12:31   4:50   1:17 
Cal Clutterbuck          0  0  0   0  0   0  2  0  0  0  0/0     7:03   0:00   0:36 
Carl Gunnarsson          0  2  2   1  0   1  0  0  0  0  0/0    12:45   0:00   0:00 
Clarke MacArthur         0  0  0   1  0   1  1  0  0  0  1/1    17:25   4:13   0:39 
Jay Bouwmeester          0  0  0   0  0   1  1  3  0  0  0/0    26:16   5:43   2:24 
Jay McClement            0  0  0  -1  0   4  1  0  0  0  8/19   10:49   4:50   0:00 
Jiri Hudler              1  0  1   1  0   3  0  0  0  0  0/1    12:37   1:33   0:00 
John-Michael Liles       0  1  1   1  0   2  3  4  0  0  0/0    18:24   4:12   2:02 
Johnny Boychuk           0  0  0   0  2   1  1  2  0  0  0/0    24:15   5:12   0:55 
Kris Versteeg            1  1  2   2  0   4  1  0  0  0  4/12   18:17   4:10   0:00 
Marian Hossa             0  1  1   1  0   5  0  0  0  0  1/2    23:10   5:05   2:12 
Matt Irwin               0  0  0   2  0   0  0  1  0  0  0/0    17:03   0:31   0:54 
Michael Raffl            0  1  1   2  0   0  0  0  0  0  0/0    11:07   0:00   0:00 
Mike Fisher              0  0  0   0  0   1  5  1  0  0  12/20  16:31   0:00   2:12 
Nick Cousins             0  0  0   1  2   1  1  0  0  0  3/12   12:32   0:00   0:00 
Niklas Kronwall          1  1  2   2  2   1  1  0  0  0  0/0    21:15   4:12   2:01 
Rick Nash                0  0  0   0  2   1  1  0  0  0  1/1    20:34   4:59   1:17 

Players Stats for BlackHawks

Player Name              G  A  P  +/- PIM S  H  SB GA TA FO     MP     PP MP  PK MP  
------------------------------------------------------------------------------------
Aaron Ekblad             0  1  1  -1  0   2  2  0  0  0  0/0    21:23   2:13   2:53 
Adam McQuaid             0  0  0  -2  0   1  3  4  0  0  0/0    21:39   0:51   4:37 
Alex Galchenyuk          0  1  1  -1  0   3  0  0  0  0  11/21  14:28   2:22   0:10 
Andrew Shaw              0  0  0  -1  4   5  2  0  0  0  10/16  12:23   0:55   0:00 
Antoine Roussel          0  0  0   0  0   0  2  0  0  0  0/1    15:04   0:51   3:17 
Artemi Panarin           1  1  2  -1  0   4  0  0  0  0  0/0    14:18   2:22   0:00 
Brady Austin             0  0  0  -2  0   0  1  1  0  0  0/0    16:17   2:13   0:42 
David Backes             1  1  2  -1  0   2  4  0  0  0  0/0    12:54   2:22   0:00 
Dion Phaneuf             0  0  0   1  4   0  4  2  0  0  0/0    20:04   1:04   3:19 
Gabriel Landeskog        0  0  0  -1  2   0  2  0  0  0  1/2    16:42   0:00   5:13 
Jack Eichel              0  0  0  -1  0   2  0  0  0  0  9/16   13:21   1:46   0:00 
Jason Chimera            0  0  0   0  0   1  1  0  0  0  2/3    13:42   0:00   2:42 
Jay Beagle               0  0  0   0  0   2  0  0  0  0  16/24  16:46   0:00   5:50 
Jeff Petry               0  0  0   0  0   1  1  2  0  0  0/0    22:49   1:04   4:50 
Kevan Miller             0  0  0  -2  2   1  2  1  0  0  0/0    17:45   0:51   3:29 
Kyle Okposo              0  0  0  -1  0   2  0  0  0  0  0/0    13:21   1:46   0:00 
Radim Vrbata             0  0  0  -1  0   2  0  0  0  0  0/1    11:30   0:00   0:00 
Trevor Lewis             0  0  0   0  0   2  0  0  0  0  2/3    13:34   0:00   2:38 

3 Stars

1 - Kris Versteeg (STL)
2 - Brian Flynn (STL)
3 - David Backes (CHI)

Power Play

Blues - 0 on 5 Attempt(s) - 0.00%
BlackHawks - 1 on 3 Attempt(s) - 33.33%

Penalty Kill

Blues - 2 on 3 Attempt(s) - 66.67% - Score 0 goal in Penalty Kill
BlackHawks - 5 on 5 Attempt(s) - 100.00% - Score 0 goal in Penalty Kill

Team Stat

Blues - Hits : 19 - Faceoff Wins : 36 - Blocked Shots : 11 - Penalty Minutes : 8
BlackHawks - Hits : 24 - Faceoff Wins : 51 - Blocked Shots : 10 - Penalty Minutes : 12

Official

Referees : Mike Leggo and Mike Hasenfratz
Linesman : Jonny Murray and Scott Driscoll

Game Notes

No Game Note

Finance

Level 1 -- Attendance: 6207 (95.49%) -- Ticket Income 682 770 $
Level 2 -- Attendance: 4577 (91.54%) -- Ticket Income 343 275 $
Level 3 -- Attendance: 3005 (85.86%) -- Ticket Income 168 280 $
Level 4 -- Attendance: 2893 (77.83%) -- Ticket Income 115 720 $
Luxury Box -- Attendance: 944 (94.40%) -- Ticket Income 187 856 $
Game was played at the United Center.
Total Attendance: 17626 (89.39%)
Total Ticket Income: 1 497 901 $
Other Income: 224 685 $
Total Income: 1 722 586 $

% Time on Ice - Blues

Lines # - Real PCT - Wanted PCT - Time Play
Normal Forward
1 - 33% - 40% - 14:19
2 - 29% - 30% - 12:33
3 - 25% - 20% - 11:07
4 - 14% - 10% - 5:59
Normal Defense
1 - 38% - 40% - 16:41
2 - 33% - 30% - 14:42
3 - 28% - 20% - 12:10
4 - 1% - 10% - 0:25
PP Forward
1 - 51% - 60% - 5:05
2 - 49% - 40% - 4:50
PP Defense
1 - 58% - 60% - 5:43
2 - 42% - 40% - 4:12
PK Forward
1 - 69% - 60% - 2:51
2 - 31% - 40% - 1:17
PK Defense
1 - 61% - 60% - 2:31
2 - 39% - 40% - 1:37
PK3 Forward
1 - 0% - 60%
2 - 0% - 40%
PK3 Defense
1 - 0% - 60%
2 - 0% - 40%
44 Forward
1 - 79% - 60% - 1:34
2 - 21% - 40% - 0:25
44 Defense
1 - 53% - 60% - 1:03
2 - 47% - 40% - 0:56
Last Minute Offensive  - 0:00
Last Minute Defensive  - 0:00
Total
Forward - 60:00
Defense - 60:00

% Time on Ice - BlackHawks

Lines # - Real PCT - Wanted PCT - Time Play
Normal Forward
1 - 24% - 25% - 10:32
2 - 25% - 25% - 11:00
3 - 26% - 25% - 11:30
4 - 25% - 25% - 10:56
Normal Defense
1 - 36% - 35% - 15:43
2 - 34% - 35% - 14:53
3 - 30% - 30% - 13:22
4 - 0% - 0% - 0:00
PP Forward
1 - 57% - 60% - 2:22
2 - 43% - 40% - 1:46
PP Defense
1 - 74% - 60% - 3:04
2 - 26% - 40% - 1:04
PK Forward
1 - 73% - 60% - 7:17
2 - 27% - 40% - 2:38
PK Defense
1 - 51% - 60% - 5:02
2 - 49% - 40% - 4:53
PK3 Forward
1 - 0% - 60%
2 - 0% - 40%
PK3 Defense
1 - 0% - 60%
2 - 0% - 40%
44 Forward
1 - 71% - 60% - 1:24
2 - 29% - 40% - 0:35
44 Defense
1 - 81% - 60% - 1:36
2 - 19% - 40% - 0:23
Last Minute Offensive  - 0:00
Last Minute Defensive  - 0:00
Total
Forward - 60:00
Defense - 60:00

Play by Play

1st period


0:01 of 1st period - Alex Galchenyuk wins face-off versus Mike Fisher in neutral zone.
0:04 of 1st period - Marian Hossa is hit by David Backes and loses puck.
0:18 of 1st period - Minor Penalty to Johnny Boychuk for Holding.
0:19 of 1st period - Mike Fisher wins face-off versus Jack Eichel in Blues zone.
0:32 of 1st period - Shot by Andrew Shaw.
0:32 of 1st period - Stopped by Antti Niemi without a rebound.
0:33 of 1st period - Mike Fisher wins face-off versus Alex Galchenyuk in Blues zone.
0:42 of 1st period - Dion Phaneuf is hit by Mike Fisher and loses puck.
1:00 of 1st period - Shot by Jeff Petry.
1:00 of 1st period - Deflect By Alex Galchenyuk.
1:00 of 1st period - Shot Misses the Net.
1:02 of 1st period - Shot by Dion Phaneuf.
1:02 of 1st period - Shot Blocked by John-Michael Liles.
1:05 of 1st period - Artemi Panarin is hit by John-Michael Liles.
1:50 of 1st period - Shot by Aaron Ekblad.
1:50 of 1st period - Stopped by Antti Niemi with a rebound.
1:52 of 1st period - Shot by Andrew Shaw.
1:52 of 1st period - Stopped by Antti Niemi without a rebound.
1:53 of 1st period - Jack Eichel wins face-off versus Mike Fisher in Blues zone.
1:54 of 1st period - Shot by Kyle Okposo.
1:54 of 1st period - Stopped by Antti Niemi without a rebound.
1:55 of 1st period - Brian Gionta wins face-off versus Jack Eichel in Blues zone.
1:55 of 1st period - Brian Gionta is hit by Andrew Shaw.
2:18 of 1st period - Icing by Kyle Okposo.
2:19 of 1st period - Nick Cousins wins face-off versus Jay Beagle in BlackHawks zone.
2:41 of 1st period - Shot by Kris Versteeg.
2:41 of 1st period - Shot Misses the Net.
2:43 of 1st period - Shot by Kris Versteeg.
2:43 of 1st period - Stopped by Sergei Bobrovsky with a rebound.
2:45 of 1st period - Shot by Carl Gunnarsson.
2:45 of 1st period - Stopped by Sergei Bobrovsky without a rebound.
2:46 of 1st period - Jack Eichel wins face-off versus Brian Flynn in BlackHawks zone.
3:56 of 1st period - Shot by Andrew Shaw.
3:56 of 1st period - Stopped by Antti Niemi with a rebound.
3:58 of 1st period - Shot by Andrew Shaw.
3:58 of 1st period - Shot Misses the Net.
4:02 of 1st period - Shot by Andrew Shaw.
4:02 of 1st period - Shot Blocked by Mike Fisher.
4:04 of 1st period - Shot by Gabriel Landeskog.
4:04 of 1st period - Shot Misses the Net.
4:10 of 1st period - Shot by Gabriel Landeskog.
4:10 of 1st period - Deflect By Andrew Shaw.
4:10 of 1st period - Stopped by Antti Niemi without a rebound.
4:11 of 1st period - Nick Cousins wins face-off versus Alex Galchenyuk in Blues zone.
4:30 of 1st period - Shot by Clarke MacArthur.
4:30 of 1st period - Shot Misses the Net.
4:32 of 1st period - Shot by John-Michael Liles.
4:32 of 1st period - Shot Blocked by Adam McQuaid.
4:34 of 1st period - Shot by Nick Cousins.
4:34 of 1st period - Stopped by Sergei Bobrovsky with a rebound.
4:36 of 1st period - Shot by Carl Gunnarsson.
4:36 of 1st period - Shot Misses the Net.
4:38 of 1st period - Shot by John-Michael Liles.
4:38 of 1st period - Shot Misses the Net.
4:40 of 1st period - Shot by Carl Gunnarsson.
4:40 of 1st period - Shot Blocked by Adam McQuaid.
4:42 of 1st period - Shot by Kris Versteeg.
4:42 of 1st period - Goal by Kris Versteeg - Blues : 1 - BlackHawks : 0.
4:43 of 1st period - Jay Beagle wins face-off versus Jay McClement in neutral zone.
4:51 of 1st period - Icing by Brian Gionta.
4:52 of 1st period - Jay McClement wins face-off versus Radim Vrbata in Blues zone.
5:05 of 1st period - Brady Austin is hit by Niklas Kronwall.
5:23 of 1st period - Shot by Brian Gionta.
5:23 of 1st period - Shot Misses the Net.
5:25 of 1st period - Shot by Jay McClement.
5:25 of 1st period - Shot Blocked by Brady Austin.
6:15 of 1st period - Shot by Trevor Lewis.
6:15 of 1st period - Stopped by Antti Niemi without a rebound.
6:16 of 1st period - Alex Galchenyuk wins face-off versus Nick Cousins in Blues zone.
6:19 of 1st period - Shot by David Backes.
6:19 of 1st period - Stopped by Antti Niemi without a rebound.
6:20 of 1st period - Jack Eichel wins face-off versus Nick Cousins in Blues zone.
6:23 of 1st period - Shot by Jack Eichel.
6:23 of 1st period - Shot Blocked by John-Michael Liles.
6:46 of 1st period - Icing by Dion Phaneuf.
6:47 of 1st period - Jack Eichel wins face-off versus Brian Flynn in BlackHawks zone.
7:04 of 1st period - Shot by Jack Eichel.
7:04 of 1st period - Stopped by Antti Niemi without a rebound.
7:05 of 1st period - Alex Galchenyuk wins face-off versus Mike Fisher in Blues zone.
7:28 of 1st period - Alex Galchenyuk is hit by Mike Fisher and loses puck.
8:11 of 1st period - Kris Versteeg is hit by Kevan Miller and loses puck.
8:56 of 1st period - Icing by John-Michael Liles.
8:57 of 1st period - Jack Eichel wins face-off versus Brian Flynn in Blues zone.
9:31 of 1st period - Shot by Cal Clutterbuck.
9:31 of 1st period - Shot Blocked by Dion Phaneuf.
9:33 of 1st period - Shot by Jay McClement.
9:33 of 1st period - Stopped by Sergei Bobrovsky without a rebound.
9:34 of 1st period - Mike Fisher wins face-off versus Andrew Shaw in BlackHawks zone.
9:39 of 1st period - Shot by Marian Hossa.
9:39 of 1st period - Stopped by Sergei Bobrovsky without a rebound.
9:40 of 1st period - Jay Beagle wins face-off versus Mike Fisher in BlackHawks zone.
9:40 of 1st period - Jay Beagle is hit by Mike Fisher.
9:47 of 1st period - Adam McQuaid is hit by Johnny Boychuk and loses puck.
9:55 of 1st period - Icing by Johnny Boychuk.
9:56 of 1st period - Mike Fisher wins face-off versus Alex Galchenyuk in Blues zone.
9:56 of 1st period - Mike Fisher is hit by David Backes.
10:02 of 1st period - Shot by Alex Galchenyuk.
10:02 of 1st period - Shot Misses the Net.
10:04 of 1st period - Shot by Alex Galchenyuk.
10:04 of 1st period - Stopped by Antti Niemi without a rebound.
10:05 of 1st period - Jay Beagle wins face-off versus Nick Cousins in Blues zone.
10:27 of 1st period - Shot by Jay Beagle.
10:27 of 1st period - Shot Misses the Net.
11:18 of 1st period - Icing by Johnny Boychuk.
11:19 of 1st period - Mike Fisher wins face-off versus Andrew Shaw in Blues zone.
11:26 of 1st period - Shot by Andrew Shaw.
11:26 of 1st period - Shot Blocked by Johnny Boychuk.
12:18 of 1st period - Icing by Jason Chimera.
12:19 of 1st period - Jack Eichel wins face-off versus Brian Flynn in BlackHawks zone.
12:53 of 1st period - Kyle Okposo is hit by John-Michael Liles and loses puck.
13:36 of 1st period - Shot by Artemi Panarin.
13:36 of 1st period - Shot Misses the Net.
14:14 of 1st period - Shot by Jay Beagle.
14:14 of 1st period - Stopped by Antti Niemi with a rebound.
14:16 of 1st period - Shot by Jeff Petry.
14:16 of 1st period - Shot Blocked by Jay Bouwmeester.
14:18 of 1st period - Shot by Jeff Petry.
14:18 of 1st period - Shot Blocked by Jay Bouwmeester.
14:20 of 1st period - Shot by Dion Phaneuf.
14:20 of 1st period - Shot Misses the Net.
15:27 of 1st period - Shot by Jack Eichel.
15:27 of 1st period - Shot Misses the Net.
15:31 of 1st period - Shot by Jack Eichel.
15:31 of 1st period - Shot Misses the Net.
15:42 of 1st period - Icing by Kris Versteeg.
15:43 of 1st period - Alex Galchenyuk wins face-off versus Nick Cousins in Blues zone.
15:50 of 1st period - Shot by Artemi Panarin.
15:50 of 1st period - Stopped by Antti Niemi without a rebound.
15:51 of 1st period - Alex Galchenyuk wins face-off versus Mike Fisher in Blues zone.
16:00 of 1st period - Shot by Alex Galchenyuk.
16:00 of 1st period - Stopped by Antti Niemi without a rebound.
16:01 of 1st period - Andrew Shaw wins face-off versus Brian Flynn in Blues zone.
16:11 of 1st period - Matt Irwin is hit by Dion Phaneuf.
16:23 of 1st period - Icing by Brian Flynn.
16:24 of 1st period - Jay Beagle wins face-off versus Brian Flynn in Blues zone.
16:36 of 1st period - Icing by Niklas Kronwall.
16:37 of 1st period - Brian Flynn wins face-off versus Alex Galchenyuk in Blues zone.
16:41 of 1st period - Minor Penalty to Kevan Miller for Holding.
16:42 of 1st period - Jay Beagle wins face-off versus Brian Flynn in BlackHawks zone.
16:46 of 1st period - Off-side.
16:47 of 1st period - Jay Beagle wins face-off versus Jiri Hudler in neutral zone.
18:21 of 1st period - Shot by Matt Irwin.
18:21 of 1st period - Shot Blocked by Adam McQuaid.
19:08 of 1st period - Shot by Brian Flynn.
19:08 of 1st period - Goal by Brian Flynn - Blues : 2 - BlackHawks : 0.
19:09 of 1st period - Jay McClement wins face-off versus Jay Beagle in neutral zone.
Goals for this period are 2 for Blues vs 0 for BlackHawks.
Shots for this period are 7 for Blues vs 13 for BlackHawks.

2nd period


0:01 of 2nd period - Mike Fisher wins face-off versus Andrew Shaw in neutral zone.
0:20 of 2nd period - Rick Nash is hit by Adam McQuaid and loses puck.
1:02 of 2nd period - Minor Penalty to Andrew Shaw for Roughing.
1:03 of 2nd period - Trevor Lewis wins face-off versus Jay McClement in BlackHawks zone.
1:20 of 2nd period - Shot by Brian Gionta.
1:20 of 2nd period - Shot Misses the Net.
1:22 of 2nd period - Shot by Brian Gionta.
1:22 of 2nd period - Deflect By Jay McClement.
1:22 of 2nd period - Stopped by Sergei Bobrovsky without a rebound.
1:23 of 2nd period - Kris Versteeg wins face-off versus Jay Beagle in BlackHawks zone.
2:18 of 2nd period - Shot by Antoine Roussel.
2:18 of 2nd period - Shot Misses the Net.
2:32 of 2nd period - Shot by Jay McClement.
2:32 of 2nd period - Stopped by Sergei Bobrovsky with a rebound.
3:11 of 2nd period - Shot by Brian Flynn.
3:11 of 2nd period - Shot Misses the Net.
3:22 of 2nd period - Shot by Artemi Panarin.
3:22 of 2nd period - Shot Blocked by Matt Irwin.
4:06 of 2nd period - Shot by Mike Fisher.
4:06 of 2nd period - Shot Misses the Net.
4:30 of 2nd period - Shot by Kris Versteeg.
4:30 of 2nd period - Stopped by Sergei Bobrovsky without a rebound.
4:31 of 2nd period - Andrew Shaw wins face-off versus Jay McClement in BlackHawks zone.
4:33 of 2nd period - Icing by Dion Phaneuf.
4:34 of 2nd period - Andrew Shaw wins face-off versus Jay McClement in BlackHawks zone.
4:38 of 2nd period - Off-side.
4:39 of 2nd period - Brian Flynn wins face-off versus Jason Chimera in neutral zone.
4:46 of 2nd period - Shot by Brian Flynn.
4:46 of 2nd period - Shot Misses the Net.
4:48 of 2nd period - Shot by Michael Raffl.
4:48 of 2nd period - Shot Misses the Net.
5:04 of 2nd period - Shot by Jiri Hudler.
5:04 of 2nd period - Stopped by Sergei Bobrovsky without a rebound.
5:05 of 2nd period - Jay Beagle wins face-off versus Jay McClement in BlackHawks zone.
5:05 of 2nd period - Jay Beagle is hit by Jay McClement.
5:10 of 2nd period - Aaron Ekblad is hit by Cal Clutterbuck and loses puck.
5:18 of 2nd period - Icing by Johnny Boychuk.
5:19 of 2nd period - Jay McClement wins face-off versus Andrew Shaw in Blues zone.
5:19 of 2nd period - Jay McClement is hit by Gabriel Landeskog.
5:37 of 2nd period - Shot by Brian Gionta.
5:37 of 2nd period - Deflect By Cal Clutterbuck.
5:37 of 2nd period - Shot Misses the Net.
5:52 of 2nd period - Minor Penalty to Dion Phaneuf for Hooking.
5:52 of 2nd period - Minor Penalty to Rick Nash for Tripping.
5:53 of 2nd period - Kris Versteeg wins face-off versus Alex Galchenyuk in BlackHawks zone.
5:59 of 2nd period - Icing by Adam McQuaid.
6:00 of 2nd period - Alex Galchenyuk wins face-off versus Kris Versteeg in BlackHawks zone.
6:15 of 2nd period - Shot by Artemi Panarin.
6:15 of 2nd period - Stopped by Antti Niemi without a rebound.
6:16 of 2nd period - Alex Galchenyuk wins face-off versus Kris Versteeg in Blues zone.
6:47 of 2nd period - Shot by Kris Versteeg.
6:47 of 2nd period - Shot Misses the Net.
7:07 of 2nd period - Shot by Brian Gionta.
7:07 of 2nd period - Shot Misses the Net.
7:09 of 2nd period - Shot by Brian Gionta.
7:09 of 2nd period - Shot Hit the Post.
7:16 of 2nd period - Off-side.
7:17 of 2nd period - Kris Versteeg wins face-off versus Jack Eichel in neutral zone.
7:20 of 2nd period - Shot by Marian Hossa.
7:20 of 2nd period - Stopped by Sergei Bobrovsky without a rebound.
7:21 of 2nd period - Kris Versteeg wins face-off versus Jack Eichel in BlackHawks zone.
7:22 of 2nd period - Shot by Marian Hossa.
7:22 of 2nd period - Shot Misses the Net.
7:26 of 2nd period - Shot by Kris Versteeg.
7:26 of 2nd period - Shot Blocked by Jeff Petry.
7:28 of 2nd period - Shot by Niklas Kronwall.
7:28 of 2nd period - Goal by Niklas Kronwall - Blues : 3 - BlackHawks : 0.
7:29 of 2nd period - Jack Eichel wins face-off versus Kris Versteeg in neutral zone.
7:34 of 2nd period - Shot by Kyle Okposo.
7:34 of 2nd period - Shot Misses the Net.
7:58 of 2nd period - Antoine Roussel is hit by Brian Flynn and loses puck.
8:04 of 2nd period - Jiri Hudler is hit by Kevan Miller and loses puck.
8:22 of 2nd period - Icing by Kevan Miller.
8:23 of 2nd period - Jay McClement wins face-off versus Jay Beagle in BlackHawks zone.
9:25 of 2nd period - Icing by Jay Beagle.
9:26 of 2nd period - Jay Beagle wins face-off versus Kris Versteeg in BlackHawks zone.
9:43 of 2nd period - Icing by Adam McQuaid.
9:44 of 2nd period - Jack Eichel wins face-off versus Brian Flynn in BlackHawks zone.
10:03 of 2nd period - Shot by Jay Bouwmeester.
10:03 of 2nd period - Deflect By Michael Raffl.
10:03 of 2nd period - Shot Blocked by Adam McQuaid.
10:09 of 2nd period - Shot by Michael Raffl.
10:09 of 2nd period - Shot Misses the Net.
10:11 of 2nd period - Shot by Jay Bouwmeester.
10:11 of 2nd period - Shot Misses the Net.
10:13 of 2nd period - Shot by Johnny Boychuk.
10:13 of 2nd period - Stopped by Sergei Bobrovsky without a rebound.
10:14 of 2nd period - Alex Galchenyuk wins face-off versus Mike Fisher in BlackHawks zone.
10:19 of 2nd period - Shot by Rick Nash.
10:19 of 2nd period - Stopped by Sergei Bobrovsky with a rebound.
10:22 of 2nd period - Rick Nash is hit by Dion Phaneuf.
10:24 of 2nd period - Shot by Marian Hossa.
10:24 of 2nd period - Shot Misses the Net.
10:26 of 2nd period - Shot by Rick Nash.
10:26 of 2nd period - Deflect By Marian Hossa.
10:26 of 2nd period - Stopped by Sergei Bobrovsky without a rebound.
10:27 of 2nd period - Andrew Shaw wins face-off versus Nick Cousins in BlackHawks zone.
10:59 of 2nd period - Shot by Andrew Shaw.
10:59 of 2nd period - Shot Misses the Net.
11:01 of 2nd period - Shot by Jeff Petry.
11:01 of 2nd period - Stopped by Antti Niemi with a rebound.
11:03 of 2nd period - Shot by Jeff Petry.
11:03 of 2nd period - Shot Misses the Net.
11:21 of 2nd period - Shot by Jason Chimera.
11:21 of 2nd period - Stopped by Antti Niemi without a rebound.
11:22 of 2nd period - Mike Fisher wins face-off versus Alex Galchenyuk in Blues zone.
11:22 of 2nd period - Mike Fisher is hit by David Backes.
11:28 of 2nd period - Alex Galchenyuk is hit by Mike Fisher and loses puck.
12:00 of 2nd period - Icing by Rick Nash.
12:01 of 2nd period - Mike Fisher wins face-off versus Jack Eichel in Blues zone.
12:01 of 2nd period - Marian Hossa is hit by Jason Chimera and loses puck.
12:16 of 2nd period - Shot by Kevan Miller.
12:16 of 2nd period - Stopped by Antti Niemi without a rebound.
12:17 of 2nd period - Brian Flynn wins face-off versus Andrew Shaw in Blues zone.
12:17 of 2nd period - Minor Penalty to Gabriel Landeskog for Hooking.
12:18 of 2nd period - Jay Beagle wins face-off versus Jay McClement in BlackHawks zone.
12:35 of 2nd period - Shot by Brian Gionta.
12:35 of 2nd period - Stopped by Sergei Bobrovsky without a rebound.
12:36 of 2nd period - Jay Beagle wins face-off versus Kris Versteeg in BlackHawks zone.
12:36 of 2nd period - Jay Beagle is hit by Rick Nash.
13:29 of 2nd period - Shot by Niklas Kronwall.
13:29 of 2nd period - Shot Misses the Net.
13:31 of 2nd period - Shot by John-Michael Liles.
13:31 of 2nd period - Stopped by Sergei Bobrovsky with a rebound.
13:33 of 2nd period - Shot by John-Michael Liles.
13:33 of 2nd period - Stopped by Sergei Bobrovsky without a rebound.
13:34 of 2nd period - Jay McClement wins face-off versus Jay Beagle in BlackHawks zone.
13:49 of 2nd period - Shot by Brian Gionta.
13:49 of 2nd period - Stopped by Sergei Bobrovsky without a rebound.
13:50 of 2nd period - Jason Chimera wins face-off versus Jay McClement in BlackHawks zone.
13:56 of 2nd period - Icing by Brian Gionta.
13:57 of 2nd period - Jason Chimera wins face-off versus Jay McClement in Blues zone.
14:07 of 2nd period - Shot by Jason Chimera.
14:07 of 2nd period - Shot Hit the Post.
14:09 of 2nd period - Shot by Jeff Petry.
14:09 of 2nd period - Shot Blocked by Jay Bouwmeester.
14:11 of 2nd period - Shot by Jay Beagle.
14:11 of 2nd period - Shot Misses the Net.
14:31 of 2nd period - Shot by Brian Flynn.
14:31 of 2nd period - Deflect By Jiri Hudler.
14:31 of 2nd period - Goal by Jiri Hudler - Blues : 4 - BlackHawks : 0.
14:32 of 2nd period - Mike Fisher wins face-off versus Alex Galchenyuk in neutral zone.
14:57 of 2nd period - Shot by Rick Nash.
14:57 of 2nd period - Deflect By Mike Fisher.
14:57 of 2nd period - Shot Misses the Net.
15:27 of 2nd period - Shot by Kyle Okposo.
15:27 of 2nd period - Stopped by Antti Niemi without a rebound.
15:28 of 2nd period - Andrew Shaw wins face-off versus Nick Cousins in Blues zone.
16:10 of 2nd period - Jeff Petry is hit by Clarke MacArthur and loses puck.
16:38 of 2nd period - Minor Penalty to Niklas Kronwall for Hooking.
16:39 of 2nd period - Alex Galchenyuk wins face-off versus Marian Hossa in Blues zone.
16:44 of 2nd period - Shot by Artemi Panarin.
16:44 of 2nd period - Shot Blocked by John-Michael Liles.
16:46 of 2nd period - Shot by Aaron Ekblad.
16:46 of 2nd period - Shot Blocked by John-Michael Liles.
16:48 of 2nd period - Shot by David Backes.
16:48 of 2nd period - Goal by David Backes - Blues : 4 - BlackHawks : 1.
16:49 of 2nd period - Mike Fisher wins face-off versus Jack Eichel in neutral zone.
17:11 of 2nd period - Shot by Mike Fisher.
17:11 of 2nd period - Stopped by Sergei Bobrovsky without a rebound.
17:12 of 2nd period - Jay Beagle wins face-off versus Brian Flynn in BlackHawks zone.
18:24 of 2nd period - Marian Hossa is hit by Aaron Ekblad and loses puck.
19:11 of 2nd period - Shot by Alex Galchenyuk.
19:11 of 2nd period - Stopped by Antti Niemi without a rebound.
19:12 of 2nd period - Jay McClement wins face-off versus Andrew Shaw in Blues zone.
19:12 of 2nd period - Jay McClement is hit by Andrew Shaw.
19:15 of 2nd period - Minor Penalty to Andrew Shaw for Hooking.
19:16 of 2nd period - Brian Gionta wins face-off versus Gabriel Landeskog in BlackHawks zone.
19:21 of 2nd period - Shot by Jay Bouwmeester.
19:21 of 2nd period - Stopped by Sergei Bobrovsky without a rebound.
19:22 of 2nd period - Jay Beagle wins face-off versus Kris Versteeg in BlackHawks zone.
19:22 of 2nd period - Jay Beagle is hit by Kris Versteeg.
19:29 of 2nd period - Icing by Johnny Boychuk.
19:30 of 2nd period - Gabriel Landeskog wins face-off versus Kris Versteeg in Blues zone.
19:59 of 2nd period - Shot by Johnny Boychuk.
19:59 of 2nd period - Shot Misses the Net.
Goals for this period are 2 for Blues vs 1 for BlackHawks.
Shots for this period are 16 for Blues vs 7 for BlackHawks.

3rd period


0:01 of 3rd period - Rick Nash wins face-off versus Jay Beagle in neutral zone.
0:36 of 3rd period - Shot by Rick Nash.
0:36 of 3rd period - Shot Blocked by Kevan Miller.
0:50 of 3rd period - Shot by Brian Gionta.
0:50 of 3rd period - Stopped by Sergei Bobrovsky without a rebound.
0:51 of 3rd period - Clarke MacArthur wins face-off versus Trevor Lewis in BlackHawks zone.
0:51 of 3rd period - Brian Gionta is hit by Dion Phaneuf.
0:53 of 3rd period - Shot by John-Michael Liles.
0:53 of 3rd period - Shot Misses the Net.
0:55 of 3rd period - Shot by Jay McClement.
0:55 of 3rd period - Stopped by Sergei Bobrovsky without a rebound.
0:56 of 3rd period - Trevor Lewis wins face-off versus Jay McClement in BlackHawks zone.
1:22 of 3rd period - Jiri Hudler is hit by Adam McQuaid and loses puck.
1:34 of 3rd period - Brian Flynn is hit by Aaron Ekblad and loses puck.
2:06 of 3rd period - Mike Fisher is hit by Dion Phaneuf and loses puck.
2:23 of 3rd period - Mike Fisher is hit by David Backes and loses puck.
3:10 of 3rd period - Shot by Kris Versteeg.
3:10 of 3rd period - Stopped by Sergei Bobrovsky without a rebound.
3:11 of 3rd period - Andrew Shaw wins face-off versus Nick Cousins in BlackHawks zone.
3:20 of 3rd period - Shot by Andrew Shaw.
3:20 of 3rd period - Stopped by Antti Niemi with a rebound.
5:08 of 3rd period - Shot by Brian Flynn.
5:08 of 3rd period - Shot Blocked by Dion Phaneuf.
6:52 of 3rd period - Jay Beagle is hit by Nick Cousins and loses puck.
7:03 of 3rd period - Shot by Jay Beagle.
7:03 of 3rd period - Stopped by Antti Niemi without a rebound.
7:04 of 3rd period - Andrew Shaw wins face-off versus Brian Flynn in Blues zone.
7:12 of 3rd period - Icing by Brian Flynn.
7:13 of 3rd period - Brian Flynn wins face-off versus Jay Beagle in Blues zone.
8:02 of 3rd period - Shot by Clarke MacArthur.
8:02 of 3rd period - Stopped by Sergei Bobrovsky without a rebound.
8:03 of 3rd period - Andrew Shaw wins face-off versus Mike Fisher in BlackHawks zone.
8:16 of 3rd period - Shot by Marian Hossa.
8:16 of 3rd period - Shot Blocked by Jeff Petry.
8:18 of 3rd period - Shot by Johnny Boychuk.
8:18 of 3rd period - Shot Misses the Net.
8:30 of 3rd period - Shot by Gabriel Landeskog.
8:30 of 3rd period - Shot Misses the Net.
8:33 of 3rd period - Icing by Johnny Boychuk.
8:34 of 3rd period - Mike Fisher wins face-off versus Jack Eichel in Blues zone.
8:57 of 3rd period - Shot by Jack Eichel.
8:57 of 3rd period - Stopped by Antti Niemi without a rebound.
8:58 of 3rd period - Alex Galchenyuk wins face-off versus Jay McClement in Blues zone.
9:02 of 3rd period - Shot by David Backes.
9:02 of 3rd period - Deflect By Artemi Panarin.
9:02 of 3rd period - Goal by Artemi Panarin - Blues : 4 - BlackHawks : 2.
9:03 of 3rd period - Andrew Shaw wins face-off versus Nick Cousins in neutral zone.
9:06 of 3rd period - Carl Gunnarsson is hit by Gabriel Landeskog and loses puck.
9:35 of 3rd period - Off-side.
9:36 of 3rd period - Jay Beagle wins face-off versus Mike Fisher in neutral zone.
9:43 of 3rd period - Shot by Trevor Lewis.
9:43 of 3rd period - Shot Misses the Net.
9:45 of 3rd period - Shot by Aaron Ekblad.
9:45 of 3rd period - Shot Misses the Net.
9:47 of 3rd period - Shot by Trevor Lewis.
9:47 of 3rd period - Stopped by Antti Niemi with a rebound.
9:53 of 3rd period - Shot by Aaron Ekblad.
9:53 of 3rd period - Stopped by Antti Niemi without a rebound.
9:54 of 3rd period - Jack Eichel wins face-off versus Brian Flynn in Blues zone.
10:26 of 3rd period - Jason Chimera is hit by Jay Bouwmeester and loses puck.
10:40 of 3rd period - Jack Eichel is hit by Mike Fisher and loses puck.
10:45 of 3rd period - Shot by Marian Hossa.
10:45 of 3rd period - Stopped by Sergei Bobrovsky without a rebound.
10:46 of 3rd period - Nick Cousins wins face-off versus Alex Galchenyuk in BlackHawks zone.
11:52 of 3rd period - Minor Penalty to Dion Phaneuf for Cross-checking.
11:53 of 3rd period - Jay McClement wins face-off versus Jay Beagle in BlackHawks zone.
12:02 of 3rd period - Shot by Jay Bouwmeester.
12:02 of 3rd period - Shot Misses the Net.
12:19 of 3rd period - Brian Gionta is hit by Brady Austin and loses puck.
12:55 of 3rd period - Icing by Marian Hossa.
12:56 of 3rd period - Jay Beagle wins face-off versus Kris Versteeg in Blues zone.
12:59 of 3rd period - Shot by Gabriel Landeskog.
12:59 of 3rd period - Shot Misses the Net.
13:01 of 3rd period - Shot by Adam McQuaid.
13:01 of 3rd period - Stopped by Antti Niemi without a rebound.
13:02 of 3rd period - Jay McClement wins face-off versus Antoine Roussel in Blues zone.
13:02 of 3rd period - Jay McClement is hit by Antoine Roussel.
13:23 of 3rd period - Jiri Hudler is hit by Jeff Petry and loses puck.
14:45 of 3rd period - Shot by Radim Vrbata.
14:45 of 3rd period - Stopped by Antti Niemi with a rebound.
14:47 of 3rd period - Shot by Radim Vrbata.
14:47 of 3rd period - Stopped by Antti Niemi without a rebound.
14:48 of 3rd period - Alex Galchenyuk wins face-off versus Brian Flynn in Blues zone.
14:51 of 3rd period - Shot by Artemi Panarin.
14:51 of 3rd period - Shot Misses the Net.
14:53 of 3rd period - Shot by Dion Phaneuf.
14:53 of 3rd period - Shot Blocked by Johnny Boychuk.
14:55 of 3rd period - Shot by Artemi Panarin.
14:55 of 3rd period - Stopped by Antti Niemi without a rebound.
14:56 of 3rd period - Jay Beagle wins face-off versus Nick Cousins in Blues zone.
15:03 of 3rd period - Shot by Trevor Lewis.
15:03 of 3rd period - Shot Misses the Net.
15:22 of 3rd period - Trevor Lewis is hit by John-Michael Liles and loses puck.
15:40 of 3rd period - Icing by Aaron Ekblad.
15:41 of 3rd period - Jay Beagle wins face-off versus Brian Flynn in BlackHawks zone.
15:55 of 3rd period - Jiri Hudler is hit by Adam McQuaid and loses puck.
16:00 of 3rd period - Shot by Jiri Hudler.
16:00 of 3rd period - Stopped by Sergei Bobrovsky without a rebound.
16:01 of 3rd period - Andrew Shaw wins face-off versus Jay McClement in BlackHawks zone.
16:01 of 3rd period - Dion Phaneuf is hit by Cal Clutterbuck and loses puck.
17:01 of 3rd period - Shot by Marian Hossa.
17:01 of 3rd period - Stopped by Sergei Bobrovsky with a rebound.
17:07 of 3rd period - Shot by Mike Fisher.
17:07 of 3rd period - Shot Misses the Net.
17:40 of 3rd period - Minor Penalty to Nick Cousins for Hooking.
17:41 of 3rd period - Mike Fisher wins face-off versus Alex Galchenyuk in Blues zone.
18:37 of 3rd period - Rick Nash is hit by Antoine Roussel and loses puck.
19:23 of 3rd period - Icing by Brady Austin.
19:24 of 3rd period - Marian Hossa wins face-off versus Alex Galchenyuk in BlackHawks zone.
Goals for this period are 0 for Blues vs 1 for BlackHawks.
Shots for this period are 7 for Blues vs 10 for BlackHawks.